 Dungeon Crawl Stone Soup version 0.29.1-4-g47bece8355 (webtiles) character file.

Game seed: 15516871221952198666

5 Hercules1031 the Trooper (level 1, -3/18 HPs)
             Began as a Demonspawn Abyssal Knight on Dec 9, 2022.
             Was a Believer of Lugonu.
             Slain by a kobold
             ... wielding a +0 whip
              (4 damage)
             ... on level 1 of the Dungeon.
             The game lasted 00:00:44 (241 turns).

Hercules1031 the Trooper (Demonspawn Abyssal Knight) Turns: 241, Time: 00:00:44

Health: -3/18      AC:  3    Str: 13    XL:     1   Next: 66%
Magic:  2/2        EV: 11    Int: 11    God:    Lugonu [**....]
Gold:   0          SH:  0    Dex: 13    Spells: 0/0 levels left

rFire   . . .      SeeInvis .   a - +1 falchion
rCold   . . .      Faith    .   (no shield)
rNeg    . . .      Spirit   .   b - +0 leather armour
rPois   .          Reflect  .   (no helmet)
rElec   .          Harm     .   (no cloak)
rCorr   .          Rampage  .   (no gloves)
Will    .....                   (no boots)
Stlth   +.........              (no amulet)
HPRegen 0.06/turn               (no ring)
MPRegen 0.08/turn               (no ring)

@: no status effects
A: no striking features
a: Renounce Religion, Depart the Abyss, Bend Space


You were on level 1 of the Dungeon.
You worshipped Lugonu.
Lugonu was pleased with you.
You visited 1 branch of the dungeon, and saw 1 of its levels.
You visited the Abyss 1 time.

Inventory:

Hand Weapons
 a - a +1 falchion (weapon)
Armour
 b - a +0 leather armour (worn)


   Skills:
 + Level 3.0 Fighting
 + Level 1.9 Long Blades
 + Level 1.9 Armour
 + Level 1.0 Dodging
 + Level 2.6 Invocations


You couldn't memorise any spells.
You didn't know any spells.
Your spell library was empty.

Dungeon Overview and Level Annotations

Branches:
Dungeon (1/15)

Altars:


Message History

The ball python bites you but does no damage.
The ball python constricts you. The bat hits you but does no damage.
The goblin closely misses you.
A kobold comes into view. It is wielding a +0 whip.
You escape the ball python's grasp.
The goblin attacks as you move away! The goblin hits you with a +0 club.
A nearby plant withers and dies.
The bat barely misses you. The ball python bites you.
The ball python grabs you. The ball python constricts you.
You hit the goblin.
The goblin is heavily wounded.
The bat hits you but does no damage.
The ball python bites you but does no damage.
The ball python constricts you. The goblin hits you with a +0 club.
You closely miss the goblin.
The goblin is heavily wounded.
The bat misses you. The ball python bites you. The ball python constricts you.
The goblin hits you with a +0 club. The ball python bites you.
* * * LOW HITPOINT WARNING * * *
The ball python constricts you.
Unknown command.
You slash the goblin!
You kill the goblin!
Lugonu accepts your kill. The bat closely misses you.
The ball python bites you but does no damage.
The ball python constricts you.
* * * LOW HITPOINT WARNING * * *
You closely miss the ball python. The bat closely misses you.
The ball python barely misses you. The ball python constricts you.
The ball python bites you.
* * * LOW HITPOINT WARNING * * *
The ball python constricts you.
* * * LOW HITPOINT WARNING * * *
The kobold barely misses you. The bat hits you but does no damage.
You hit the ball python.
You kill the ball python!
Lugonu accepts your kill. The bat misses you.
The bat hits the plant.
The plant begins to die.
The kobold hits you with a +0 whip.
You die... .♣♣♣P..♣♣♣P PP.P...PP

....... . ...P. #. ♣...♣ #.#..
♣..P♣ ♣ #.##..♣♣♣..b♣♣♣P.P♣
#.##....P.)@.....P.
#.##......K........
#.#######.###.####. #.#
#.....# #... #.# #.##### #.###
#.###.# #.#
#####..##.#######.#
#..............##.###########
##.#####..#####.##...........#


You could see a bat and a kobold.

Vanquished Creatures
  A ball python (D:1)
  An endoplasm (D:1)
  3 goblins (D:1)
5 creatures vanquished.

Vanquished Creatures (others)
  2 plants (D:1)
2 creatures vanquished.

Grand Total: 7 creatures vanquished

Notes
Turn   | Place    | Note
-------+----------+-------------------------------------------
     0 | Abyss:1  | Hercules1031 the Demonspawn Abyssal Knight began the quest
                  | for the Orb.
     0 | Abyss:1  | Reached XP level 1. HP: 18/18 MP: 2/2
     2 | Abyss:1  | Found a corrupted altar of Lugonu.
     4 | D:1      | Escaped the Abyss
    48 | D:1      | Reached skill level 1 in Dodging
   241 | D:1      | Slain by a kobold

Illustrated notes

Levels and vault maps discovered:
D:1:      erik_arrival_triangle_small, layout_basic,
          shapermc_ecumenical_altar_mp_highgroup, kennysheep_boxes

Skill      XL: |  1 |
---------------+----+-----
Dodging        | 1 |  1.0
Fighting       | |  3.0
Long Blades    | |  1.9
Armour         | |  1.9
Invocations    | |  2.6

Action                   || total
-------------------------++-------
Melee: Falchion          ||    15
Armor: Leather armour    ||    12
Dodge: Dodged            ||    13
